 Dungeon Crawl Stone Soup version 0.30-a0-989-g0d87f670db (webtiles) character file.

Game seed: 2125195111062995358

95 xian the Trooper (level 4, -3/35 HPs)
             Began as a Demonspawn Fighter on Apr 4, 2023.
             Killed from afar by Natasha (9 damage)
             ... with a magic dart
             ... on level 4 of the Dungeon.
             The game lasted 00:05:07 (2410 turns).

xian the Trooper (Demonspawn Fighter)               Turns: 2410, Time: 00:05:07

Health: -3/35      AC:  6    Str: 18    XL:     4   Next: 40%
Magic:  4/4        EV:  6    Int: 10    God:
Gold:   238        SH:  4    Dex: 12    Spells: 3/3 levels left

rFire   . . .      SeeInvis .    a - +0 war axe
rCold   . . .      Faith    .    c - +0 buckler
rNeg    . . .      Spirit   .    b - +0 scale mail
rPois   +          Reflect  .    (helmet restricted)
rElec   .          Rampage  .    (no cloak)
rCorr   .                        (no gloves)
Will    +....                    (no boots) Stlth
                                 (no amulet)
HPRegen 0.25/turn                j - ring of poison resistance
MPRegen 0.09/turn                q - ring of willpower

@: grasped by roots, constricted
A: antennae 1, demonic guardian 1, ignite blood 1
a: no special abilities


You were on level 4 of the Dungeon.
You visited 1 branch of the dungeon, and saw 4 of its levels.

You collected 278 gold pieces.
You spent 40 gold pieces at shops.

Inventory:

Hand Weapons
 a - a +0 war axe (weapon)
Missiles
 f - 4 silver javelins
 m - 7 poisoned darts (quivered)
Armour
 b - a +0 scale mail (worn)
 c - a +0 buckler (worn)
Jewellery
 j - a ring of poison resistance (left hand)
 q - a ring of willpower (right hand)
Scrolls
 h - a scroll of enchant weapon
 k - a scroll of vulnerability
 n - a scroll of fog
 o - a scroll of poison
 r - a scroll of teleportation
 t - a scroll of fear
Potions
 d - 2 potions of might
 g - 3 potions of curing
 i - a potion of cancellation {unknown}
 l - a potion of heal wounds {unknown}
 p - a potion of haste {unknown}
 s - a potion of magic {unknown}
 u - a potion of attraction {unknown}
 v - a potion of lignification {unknown}


   Skills:
 + Level 3.4 Fighting
 + Level 2.8 Axes
 + Level 3.1 Armour
 + Level 0.6 Dodging
 + Level 0.2 Stealth
 + Level 3.2 Shields


You had 3 spell levels left.
You didn't know any spells.
Your spell library contained the following spells:

 Spells                   Type           Power      Damage    Failure   Level
 Apportation              Tloc           0%         N/A       83%         1
 Necrotise                Necr           0%         1d4       83%         1
 Summon Small Mammal      Summ           0%         N/A       83%         1


Dungeon Overview and Level Annotations

Branches:
Dungeon (4/15)
 Temple: D:4-7

Altars:

Shops:
D:1 !

Annotations:
D:4 Natasha


Innate Abilities, Weirdness & Mutations

You have a pair of small antennae on your head.
A weak demonic guardian rushes to your aid.
Your demonic aura sometimes causes spilled blood to erupt in flames.


Message History

The shaft crumbles and collapses.
Found a ring mail.
Found a stone staircase leading up.
Found a stone staircase leading down.
A hobgoblin comes into view.
The hobgoblin shouts!
You hear an angry hiss.
You feel a little less mighty now.
An adder comes into view.
Natasha, Servant of Life and Death comes into view.
She is carrying a wand of roots (6).
The hobgoblin hits you but does no damage.
Natasha zaps a wand.
The roots erupt in riotous growth!
The grasping roots grab you!
The hobgoblin is unaffected.
The grasping roots constrict you.
You hear a shout!
You slash the hobgoblin!
You kill the hobgoblin!
Natasha casts a spell.
The grasping roots constrict you.
You escape the roots grasp.
The crimson imp blinks!
The adder barely misses you. The adder bites you but does no damage.
Natasha zaps a wand.
The roots erupt in riotous growth!
The adder is unaffected.
Natasha is unaffected.
The grasping roots grab you! The grasping roots constrict you!
The adder bites you but does no damage.
You hit the adder.
The adder is heavily wounded.
The adder bites you. The grasping roots constrict you.
The adder bites you but does no damage.
Natasha stares at you and mumbles some strange words.
The magic dart hits you.
* * * LOW HITPOINT WARNING * * *
The grasping roots constrict you.
* * * LOW HITPOINT WARNING * * *
A demonic guardian appears!
You hit the adder.
The adder is almost dead.
You hit Natasha. The adder bites you but does no damage.
Natasha stares at you and mumbles some strange words.
The magic dart hits you!
You die...

..... .....
....### ###
##....# #.#
##.....# #.#
#......# #.#
#...5Sh###.#
##@.....#
##...5...##
#.........#
#..............#
#..............#
#........[...>.#
................#
####.<.....#.....#
#..............#


You could see Natasha, a crimson imp (summoned), an adder (ally target) and a
friendly white imp (summoned).

Vanquished Creatures
  2 adders (D:3)
  A worm (D:3)
  A dart slug (D:2)
  An orc (D:3)
  5 ball pythons
  5 endoplasms
  A giant cockroach (D:1)
  4 goblins
  9 hobgoblins
  12 jackals
  4 kobolds
  3 quokkas
  3 bats
  2 frilled lizards
  9 rats
62 creatures vanquished.

Vanquished Creatures (collateral kills)
  A quokka (D:3)
1 creature vanquished.

Grand Total: 63 creatures vanquished

Notes
Turn   | Place    | Note
-------+----------+-------------------------------------------
     0 | D:1      | xian the Demonspawn Fighter began the quest for the Orb.
     0 | D:1      | Reached XP level 1. HP: 18/18 MP: 1/1
   117 | D:1      | Gained mutation: Your demonic aura sometimes causes spilled
                  | blood to erupt in flames. [demonic ancestry]
   117 | D:1      | Reached XP level 2. HP: 22/24 MP: 2/2
   675 | D:1      | Found Ypoeticw's Distillery.
   687 | D:1      | Bought a potion of degeneration for 10 gold pieces
   687 | D:1      | Bought a potion of curing for 30 gold pieces
   828 | D:1      | Gained mutation: You have a pair of small antennae on your
                  | head. [demonic ancestry]
   828 | D:1      | Reached XP level 3. HP: 29/29 MP: 3/3
  1806 | D:3      | Gained mutation: A weak demonic guardian rushes to your
                  | aid. [demonic ancestry]
  1806 | D:3      | Reached XP level 4. HP: 24/35 MP: 4/4
  2395 | D:3      | You fall into a shaft and drop 1 floor!
  2403 | D:4      | Noticed Natasha
  2410 | D:4      | Killed from afar by Natasha

Illustrated notes

Levels and vault maps discovered:
D:1:      saegor_arrival_simple_a, layout_loops_cross, serial_shops,
          nicolae_lakefront_shop, kennysheep_decorative_pillar, st_stairs_1,
          minmay_indecisive_spiral
D:2:      layout_basic, serial_curves, eino_curves_01, eino_curves_02
D:3:      layout_loops_ring, minmay_joined_circles
D:4:      layout_rooms, vehumet_altar_wand_db, minmay_temple_entry_overgrown,
          columned_hall_lemuel, uniq_natasha, uniq_sigmund

Skill      XL: |  1  2  3 |
---------------+----------+-----
Shields        | 3 |  3.2
Axes           | 2 |  2.8
Armour         | 3 |  3.1
Fighting       | |  3.4
Dodging        | |  0.6
Stealth        | |  0.2

Action                     |  1- 3 |  4- 6 || total
---------------------------+-------+-------++-------
  Melee: War axe           |   131 |    35 ||   166
    Use: Scroll            |       |     6 ||     6
         Potion            |       |     1 ||     1
 Armour: Scale mail        |    96 |    22 ||   118
  Dodge: Dodged            |    83 |    31 ||   114
  Block: Buckler           |    34 |    10 ||    44

Table legend: (Time is in decaauts)
 A = Elapsed time spent in this place.
 B = Non-inter-level travel time spent in this place.
 C = Inter-level travel time spent in this place.
 D = Time resting spent in this place.
 E = Time spent auto-exploring this place.
 F = Levels seen in this place.
 G = Mean time per level.
                   A        B        C        D        E       F      G
               +--------+--------+--------+--------+--------+-----+--------+
         Total |   2478 |   2440 |     38 |      0 |   1711 |   4 |  619.5 |
       Dungeon |   2478 |   2440 |     38 |      0 |   1711 |   4 |  619.5 |
               +--------+--------+--------+--------+--------+-----+--------+

Top non-repeatable levels by time:
     D:1: 899 daAuts
     D:2: 832 daAuts
     D:3: 731 daAuts
     D:4: 15 daAuts
